 Dungeon Crawl Stone Soup version 0.31-a0-1589-g8f5e8aebd6 (webtiles) character file.

Game seed: 2915238675439532961

3633 jlumianski the Grappler (level 10, -1/76 HPs)
             Began as a Gnoll Shapeshifter on Jan 5, 2024.
             Was a Follower of Wu Jian.
             Slain by an orc knight
             ... wielding a +0 halberd
              (19 damage)
             ... in a bailey on Jan 6, 2024.
             The game lasted 00:39:56 (7580 turns).

jlumianski the Grappler (Gnoll Shapeshifter)        Turns: 7580, Time: 00:39:56

Health: -1/76      AC:  6    Str: 17    XL:     10   Next: 11%
Magic:  17/17      EV: 15    Int:  9    God:    Wu Jian [*.....]
Gold:   276        SH:  0    Dex: 19    Spells: 18/19 levels left

rFire   . .          .
                       - Unarmed
rCold   . . .        (no shield)
rNeg    . . .        n - +0 ring mail
rPois   +            (helmet currently unavailable)
rElec   +            (cloak currently unavailable)
rCorr   .            (gloves currently unavailable)
SInv    .            (boots currently unavailable)
Will    +....        l - amulet of the acrobat
Stlth   +++          y - ring of poison resistance
HPRegen 0.32/turn    A - +6 ring of dexterity
MPRegen 0.15/turn

%: acrobat
@: beast-form
A: beast (slay +4), fangs 1, strong nose, distributed training, strong-willed 1,
sense surroundings 1, electricity resistance
a: Begin Untransformation, Renounce Religion


You were in a bailey.
You worshipped Wu Jian.
Wu Jian was aware of your devotion.
You were a hulking beast.
You visited 2 branches of the dungeon, and saw 9 of its levels.
You also visited: Bailey.

You collected 276 gold pieces.

Inventory:

Missiles
 x - 5 boomerangs
 J - 4 poisoned darts (quivered)
Armour
 n - a +0 ring mail (worn)
 M - the +1 robe "Qithrar" {rElec rF+ SInv}
   (You found it on level 6 of the Dungeon)

   rF+:       It protects you from fire.
   rElec:     It insulates you from electricity.
   SInv:      It lets you see invisible.
Magical Staves
 p - a staff of earth
Jewellery
 l - an amulet of the acrobat (around neck)
 y - a ring of poison resistance (left hand)
 A - a +6 ring of dexterity (right hand)
Talismans
 c - a beast talisman
 d - a flux talisman
 r - a granite talisman
Wands
 o - a wand of flame (12)
 E - a wand of polymorph (3)
 L - a wand of digging (2)
Scrolls
 f - a scroll of vulnerability {unknown}
 g - 3 scrolls of enchant weapon
 h - a scroll of fear
 j - a scroll of torment {unknown}
 k - 2 scrolls of teleportation
 m - a scroll of blinking
 v - a scroll of revelation {unknown}
 O - a scroll of silence {unknown}
 R - a scroll of amnesia {unknown}
 T - a scroll of enchant armour {unknown}
Potions
 b - a potion of lignification
 i - a potion of mutation
 u - a potion of enlightenment
 w - a potion of heal wounds
 z - a potion of magic
 C - a potion of cancellation {unknown}
 H - a potion of curing {unknown}
 N - a potion of brilliance {unknown}
 P - a potion of might {unknown}


   Skills:
 + Level 5.8 Fighting
 + Level 5.1 Short Blades
 + Level 5.1 Long Blades
 + Level 5.1 Axes
 + Level 5.1 Maces & Flails
 + Level 5.1 Polearms
 + Level 5.1 Staves
 + Level 5.1 Ranged Weapons
 + Level 5.1 Throwing
 + Level 5.1 Armour
 + Level 7.0 Dodging
 + Level 5.1 Stealth
 + Level 5.1 Shields
 + Level 8.4 Unarmed Combat
 + Level 5.1 Spellcasting
 + Level 4.2 Conjurations
 + Level 4.2 Hexes
 + Level 4.2 Summonings
 + Level 4.2 Necromancy
 + Level 4.2 Translocations
 + Level 4.2 Fire Magic
 + Level 4.2 Ice Magic
 + Level 4.2 Air Magic
 + Level 4.2 Earth Magic
 + Level 4.2 Alchemy
 + Level 5.6 Invocations
 + Level 5.1 Evocations
 + Level 8.1 Shapeshifting


You had 18 spell levels left.
You knew the following spells:

 Your Spells              Type           Power      Damage    Failure   Level
a - Sting                 Conj/Alch      36%        1d5       8%          1

Your spell library contained the following spells:

 Spells                   Type           Power      Damage    Failure   Level
 Apportation              Tloc           18%        N/A       8%          1
 Necrotise                Necr           36%        1d5       8%          1
 Summon Small Mammal      Summ           36%        N/A       8%          1
 Call Canine Familiar     Summ           9%         N/A       22%         3
 Summon Blazeheart Golem  Fire/Summ      9%         N/A       58%         4


Dungeon Overview and Level Annotations

Branches:
Dungeon (8/15)             Temple (1/1) D:7          Bailey (1/1)
   Lair: D:8-11

Altars:
Ashenzari
Dithmenos
Elyvilon
Fedhas
Gozag
Hepliaklqana
Kikubaaqudgha
Makhleb
Nemelex Xobeh
Okawaru
Qazlal
Ru
Sif Muna
Trog
Uskayaw
Vehumet
Wu Jian
Yredelemnul
Zin
The Shining One

Annotations:
Bailey 2 runed translucent doors


Innate Abilities, Weirdness & Mutations

You are a hulking beast.
Your limbs bulge with bestial killing power. (Slay +4)
You have very sharp teeth.
Your uncanny sense of smell can sniff out nearby items.
Your experience applies equally to all skills.
You are strong-willed. (Will+)
You passively map a small area around you.
You are resistant to electric shocks. (rElec)


Message History

You throw a poisoned dart.
The poisoned dart closely misses the orc knight.
Throw: 7 darts (poison)
Press: ? - help, Q - select action, (/) - cycle Shift-Dir - straight line, f/p - orc knight
Aim: an orc knight, wielding a +0 halberd and wearing a +0 ring mail (61% to hit)
You throw a poisoned dart.
The poisoned dart barely misses the orc knight.
Throw: 6 darts (poison)
Press: ? - help, Q - select action, (/) - cycle Shift-Dir - straight line, f/p - orc knight
Aim: an orc knight, wielding a +0 halberd and wearing a +0 ring mail (61% to hit)
You throw a poisoned dart. The poisoned dart hits the orc knight!
The orc knight is poisoned.
Throw: 5 darts (poison)
Press: ? - help, Q - select action, (/) - cycle Shift-Dir - straight line, f/p - orc knight
Aim: an orc knight, wielding a +0 halberd and wearing a +0 ring mail (very poisoned, 61% to hit)
You throw a poisoned dart.
The poisoned dart closely misses the orc knight.
You lunge at the orc knight.
You punch the orc knight! You bite the orc knight.
The orc knight is moderately wounded.
The orc knight hits you with a +0 halberd!!
Things that are here:
a +0 spear; a +0 scale mail; an orc corpse Unknown command.
Okay, then.
You hit the orc knight.
The orc knight is moderately wounded.
You hit the orc knight.
The orc knight is moderately wounded.
The orc knight closely misses you.
You hit the orc knight.
The orc knight is moderately wounded.
The orc knight hits you with a +0 halberd!
You barely miss the orc knight.
The orc knight is moderately wounded.
The orc knight hits you with a +0 halberd!!
* * * LOW HITPOINT WARNING * * *
You closely miss the orc knight.
The orc knight is moderately wounded.
The orc knight hits you with a +0 halberd!!
You die...

*# ** #### ≈≈≈≈ ♣♣..##
#♣.≈≈≈≈≈♣♣....#
#...≈≈≈≈≈♣..####
#.♣..≈≈≈≈♣..#$.#########
.....≈≈≈≈...#...........
..♣..≈≈≈≈.♣.##..ho....(.
.....≈≈≈≈....#..########
....######...#.8# ∆ .##8.
..)..........#..#∆∆ ..#..
..........)..'..#∆∆ *e.+..*
............)'..#∆∆##..+..*
...........).#.)#∆∆....# *
....######...#.8# ∆...# *
..♣..≈≈≈≈....#).########..


You could see an orc knight (poisoned).

Vanquished Creatures
  A boulder beetle (D:7)
  Pikel (D:5)
  Jeremiah (D:6)
  5 water moccasins
  3 orc warriors (Bailey)
  2 sky beasts
  An ogre (D:4)
  A centaur (D:8)
  4 lemures (D:4)
  2 phantoms (D:6)
  2 bullfrogs (D:7)
  2 scorpions
  4 wights (D:6)
  2 howler monkeys
  A jelly (D:8)
  An orc priest (D:6)
  A hound (D:5)
  Crazy Yiuf (D:5)
  4 orc wizards
  An iguana (D:4)
  3 gnolls (D:4)
  5 adders
  6 river rats (D:6)
  2 dart slugs
  A ribbon worm (D:2)
  25 orcs
  10 endoplasms
  A giant cockroach (D:2)
  9 goblins
  4 hobgoblins
  14 jackals
  9 kobolds
  2 quokkas
  5 ball pythons
  3 bats
  4 frilled lizards
  19 rats
162 creatures vanquished.

Notes
Turn   | Place    | Note
-------+----------+-------------------------------------------
     0 | D:1      | jlumianski the Gnoll Shapeshifter began the quest for the
                  | Orb.
     0 | D:1      | Reached XP level 1. HP: 17/17 MP: 1/1
    20 | D:1      | You fall into a shaft and drop 1 floor!
   351 | D:1      | Reached XP level 2. HP: 23/23 MP: 2/2
   444 | D:2      | Found a faded altar of an unknown god.
   646 | D:2      | Reached XP level 3. HP: 26/28 MP: 3/3
   682 | D:2      | Reached skill level 1 in Invocations
  1068 | D:1      | Reached skill level 1 in Short Blades
  1068 | D:1      | Reached skill level 1 in Long Blades
  1068 | D:1      | Reached skill level 1 in Axes
  1068 | D:1      | Reached skill level 1 in Maces & Flails
  1068 | D:1      | Reached skill level 1 in Polearms
  1068 | D:1      | Reached skill level 1 in Staves
  1068 | D:1      | Reached skill level 1 in Ranged Weapons
  1068 | D:1      | Reached skill level 1 in Throwing
  1068 | D:1      | Reached skill level 1 in Armour
  1068 | D:1      | Reached skill level 1 in Stealth
  1068 | D:1      | Reached skill level 1 in Shields
  1068 | D:1      | Reached skill level 1 in Spellcasting
  1068 | D:1      | Reached skill level 1 in Evocations
  1236 | D:2      | Reached XP level 4. HP: 33/34 MP: 5/5
  1647 | D:4      | Noticed a scorpion
  1657 | D:4      | Gained mutation: You passively map a small area around you.
                  | [potion of mutation]
  1657 | D:4      | Gained mutation: You are resistant to electric shocks.
                  | (rElec) [potion of mutation]
  1657 | D:4      | Gained mutation: You are strong-willed. (Will+) [potion of
                  | mutation]
  1658 | D:4      | HP: 1/51 [scorpion (5)]
  1663 | D:4      | Killed a scorpion
  1664 | D:4      | Reached skill level 1 in Conjurations
  1664 | D:4      | Reached skill level 1 in Hexes
  1664 | D:4      | Reached skill level 1 in Summonings
  1664 | D:4      | Reached skill level 1 in Necromancy
  1664 | D:4      | Reached skill level 1 in Translocations
  1664 | D:4      | Reached skill level 1 in Fire Magic
  1664 | D:4      | Reached skill level 1 in Ice Magic
  1664 | D:4      | Reached skill level 1 in Air Magic
  1664 | D:4      | Reached skill level 1 in Earth Magic
  1664 | D:4      | Reached skill level 1 in Alchemy
  1664 | D:4      | Reached XP level 5. HP: 10/40 MP: 5/7
  2712 | D:4      | Reached XP level 6. HP: 44/47 MP: 8/8
  2721 | D:4      | Reached skill level 5 in Dodging
  2969 | D:5      | Entered Level 5 of the Dungeon
  2988 | D:4      | Found a sacrificial altar of Ru.
  3243 | D:5      | Noticed Pikel
  3412 | D:5      | Noticed a water moccasin
  3448 | D:4      | Found an iron altar of Okawaru.
  3456 | D:4      | Found a white marble altar of Elyvilon.
  3457 | D:4      | Found a basalt altar of Yredelemnul.
  3469 | D:4      | Found a radiant altar of Vehumet.
  3470 | D:4      | Found a broken altar of Ashenzari.
  3470 | D:4      | Found a bloodstained altar of Trog.
  3792 | D:4      | Killed a water moccasin
  3793 | D:4      | Reached XP level 7. HP: 52/52 MP: 10/10
  3884 | D:5      | Killed Pikel
  3885 | D:5      | Reached XP level 8. HP: 18/60 MP: 10/12
  4085 | D:5      | Found a runed translucent door.
  4086 | D:5      | Noticed Crazy Yiuf
  4093 | D:5      | Killed Crazy Yiuf
  4153 | D:5      | Found a burning altar of Makhleb.
  4574 | D:5      | Found a shadowy altar of Dithmenos.
  4832 | D:6      | Identified the +1 robe "Qithrar" {rElec rF+ SInv}
  5078 | D:7      | Found a staircase to the Ecumenical Temple.
  5086 | Temple   | Entered the Ecumenical Temple
  5185 | Temple   | Became a worshipper of the Wu Jian Council
  5245 | D:7      | Noticed a boulder beetle
  5259 | D:6      | Upgraded the game from 0.31-a0-1576-ga3383bade6 to
                  | 0.31-a0-1589-g8f5e8aebd6
  5355 | D:6      | Noticed Jeremiah
  5364 | D:6      | Killed Jeremiah
  5365 | D:6      | Reached XP level 9. HP: 42/66 MP: 14/14
  6284 | D:6      | Reached skill level 5 in Fighting
  6311 | D:6      | Reached * piety under Wu Jian
  6742 | D:7      | Killed a boulder beetle
  6743 | D:7      | Reached skill level 5 in Invocations
  6825 | D:7      | Learned a level 1 spell: Sting
  7078 | D:8      | Found a flagged portal.
  7093 | D:8      | Reached skill level 5 in Short Blades
  7093 | D:8      | Reached skill level 5 in Long Blades
  7093 | D:8      | Reached skill level 5 in Axes
  7093 | D:8      | Reached skill level 5 in Maces & Flails
  7093 | D:8      | Reached skill level 5 in Polearms
  7093 | D:8      | Reached skill level 5 in Staves
  7093 | D:8      | Reached skill level 5 in Ranged Weapons
  7093 | D:8      | Reached skill level 5 in Throwing
  7093 | D:8      | Reached skill level 5 in Armour
  7093 | D:8      | Reached skill level 5 in Stealth
  7093 | D:8      | Reached skill level 5 in Shields
  7093 | D:8      | Reached skill level 5 in Spellcasting
  7093 | D:8      | Reached skill level 5 in Evocations
  7100 | D:8      | Reached XP level 10. HP: 68/76 MP: 15/17
  7146 | Bailey   | Entered a bailey
  7362 | Bailey   | Found a large runed translucent door.
  7362 | Bailey   | Found a large runed translucent door.
  7365 | Bailey   | Noticed a deep elf pyromancer
  7570 | Bailey   | Noticed an orc knight
  7580 | Bailey   | Slain by an orc knight

Illustrated notes

Levels and vault maps discovered:
D:1:      tarquinn_simple_flora_water_f, layout_loops_cross
D:2:      layout_basic, hellmonk_ecumenical_altar_crossroads, minmay_tall_x
D:3:      layout_basic, grunt_decor_mini_mirrors
D:4:      layout_basic, nicolae_overflow_hallway_of_the_gods
D:5:      layout_cave_pools, lemuel_round_altar, makhleb_heckhound_becter,
          uniq_pikel, uniq_crazy_yiuf_cottage
D:6:      layout_cave_pods, dk_rats_in_the_wall, uniq_jeremiah
D:7:      layout_layer_cave, led_xom_imps, minmay_temple_entry_butterflies,
          grunt_decor_arrowhead, uniq_joseph
D:8:      layout_cave_pools, mainiacjoe_overflow_six_doors_small, enter_bailey_3
Temple:   minmay_temple_curvy_loop
Bailey:   bailey_polearm_elven_captive_hellmonk, bailey

Skill      XL: |  1  2  3  4  5  6  7  8  9 10 |
---------------+-------------------------------+-----
Invocations    | 1 2 3 4 5 |  5.6
Short Blades   | 1 2 3 5 |  5.1
Long Blades    | 1 2 3 5 |  5.1
Axes           | 1 2 3 5 |  5.1
Maces & Flails | 1 2 3 5 |  5.1
Polearms       | 1 2 3 5 |  5.1
Staves         | 1 2 3 5 |  5.1
Ranged Weapons | 1 2 3 5 |  5.1
Throwing       | 1 2 3 5 |  5.1
Armour         | 1 2 3 5 |  5.1
Stealth        | 1 2 3 5 |  5.1
Shields        | 1 2 3 5 |  5.1
Spellcasting   | 1 2 3 5 |  5.1
Evocations     | 1 2 3 5 |  5.1
Conjurations   | 1 2 3 4 |  4.2
Hexes          | 1 2 3 4 |  4.2
Summonings     | 1 2 3 4 |  4.2
Necromancy     | 1 2 3 4 |  4.2
Translocations | 1 2 3 4 |  4.2
Fire Magic     | 1 2 3 4 |  4.2
Ice Magic      | 1 2 3 4 |  4.2
Air Magic      | 1 2 3 4 |  4.2
Earth Magic    | 1 2 3 4 |  4.2
Alchemy        | 1 2 3 4 |  4.2
Fighting       | 3 4 5 |  5.8
Dodging        | 5 6 7 |  7.0
Unarmed Combat | 7 8 |  8.4
Shapeshifting  | 7 8 |  8.1

Action                     |  1- 3 |  4- 6 |  7- 9 | 10-12 || total
---------------------------+-------+-------+-------+-------++-------
  Melee: Unarmed           |    44 |   162 |   166 |    49 ||   421
         Punch             |     3 |     5 |     4 |     5 ||    17
         Bite              |     2 |    11 |    24 |     7 ||    44
         Hand axe          |       |       |    36 |       ||    36
  Throw: Dart              |       |       |     7 |     4 ||    11
   Cast: Sting             |       |       |     1 |       ||     1
Ability: Lunge             |       |       |    13 |    13 ||    26
         Whirlwind         |       |       |    12 |     6 ||    18
  Evoke: Wand              |       |       |     1 |       ||     1
    Use: Potion            |     1 |     5 |       |       ||     6
         Scroll            |       |     4 |     5 |       ||     9
   Stab: Distracted        |     1 |       |       |       ||     1
         Sleeping          |       |     2 |     3 |     1 ||     6
 Armour: Animal skin       |    12 |       |       |       ||    12
         Ring mail         |    11 |    54 |    96 |    19 ||   180
         Skin              |       |    22 |       |       ||    22
  Dodge: Dodged            |    16 |    78 |    93 |    23 ||   210
  Block: Kite shield       |       |    38 |     7 |       ||    45
         Tower shield      |       |       |    67 |       ||    67

Table legend: (Time is in decaauts)
 A = Elapsed time spent in this place.
 B = Non-inter-level travel time spent in this place.
 C = Inter-level travel time spent in this place.
 D = Time resting spent in this place.
 E = Time spent auto-exploring this place.
 F = Levels seen in this place.
 G = Mean time per level.
                   A        B        C        D        E       F      G
               +--------+--------+--------+--------+--------+-----+--------+
         Total |   7591 |   7412 |    179 |   1606 |   3075 |  10 |  759.1 |
       Dungeon |   7026 |   6847 |    179 |   1387 |   3075 |   8 |  878.2 |
        Temple |    136 |    136 |      0 |      0 |      0 |   1 |  136.0 |
        Bailey |    429 |    429 |      0 |    219 |      0 |   1 |  429.0 |
               +--------+--------+--------+--------+--------+-----+--------+

Top non-repeatable levels by time:
     D:6: 1646 daAuts
     D:4: 1424 daAuts
     D:3: 934 daAuts
     D:5: 889 daAuts
     D:2: 877 daAuts
     D:1: 644 daAuts
     D:7: 505 daAuts
  Bailey: 429 daAuts
  Temple: 136 daAuts
     D:8: 104 daAuts
